 Dungeon Crawl Stone Soup version 0.17.1-1-g73c8601 (webtiles) character file.

288 Miyamura the Insei (level 6, -2/32 HPs)
             Began as a Vine Stalker Monk on Dec 30, 2015.
             Was a Priest of Sif Muna.
             Slain by an orc
             ... wielding a +0 club
              (3 damage)
             ... on level 3 of the Dungeon.
             The game lasted 00:08:28 (2606 turns).

Miyamura the Insei (Vine Stalker Monk)              Turns: 2606, Time: 00:08:31

Health: -2/32      AC:  6    Str: 13    XL:     6   Next: 31%
Magic:  0/10       EV: 11    Int: 12    God:    Sif Muna [***...]
Gold:   68         SH: 10    Dex: 17    Spells: 0 memorised, 9 levels left

rFire  + . .     SeeInvis .       - Unarmed
rCold  . . .     Clarity  .     a - +0 robe
rNeg   . . .     SustAt   .     j - +2 shield {AC+3}
rPois  .         Gourm    .     i - +0 helmet
rElec  .         Spirit   +     (no cloak)
rCorr  .         Warding  .     (no gloves)
rMut   .         Stasis   .     (no boots)
MR     .....                    (no amulet)
Stlth  +++.......               (no ring)
                                q - ring of protection from fire

@: not resistant to hostile enchantments, fairly stealthy
A: fangs 2, regeneration 2, magic shield, antimagic bite, no device heal 3, rot
immunity
a: Channel Energy, Forget Spell, Renounce Religion


You were on level 3 of the Dungeon.
You worshipped Sif Muna.
Sif Muna was most pleased with you.
You were not hungry.

You visited 1 branch of the dungeon, and saw 4 of its levels.

You collected 178 gold pieces.
You spent 110 gold pieces at shops.

Inventory:

Missiles
 e - a throwing net (quivered)
Armour
 a - a +0 robe (worn)
 i - a +0 helmet (worn)
 j - a +2 shield of protection (worn)
Jewellery
 q - a ring of protection from fire (left hand)
 t - an uncursed ring of protection from fire
 w - a cursed amulet of inaccuracy {unknown}
Scrolls
 d - 4 scrolls of teleportation
 m - 2 scrolls of enchant weapon {unknown}
 n - a scroll of amnesia
 o - 4 scrolls of recharging {unknown}
 u - a scroll of identify
 v - a scroll of magic mapping
Potions
 c - 2 potions of agility
 h - a potion of brilliance
 k - a potion of curing
 l - a potion of invisibility {unknown}
 r - a potion of haste
 s - a potion of berserk rage {unknown}
Comestibles
 b - 3 bread rations
 f - 2 meat rations
 g - a slice of pizza
 p - 8 chunks of flesh


   Skills:
 + Level 3.4 Fighting
 + Level 3.0 Dodging
 - Level 4.0 Stealth
 + Level 2.1 Shields
 + Level 4.7 Unarmed Combat
 + Level 2.4 Spellcasting


You had 9 spell levels left.
You didn't know any spells.

Dungeon Overview and Level Annotations

Branches:
Dungeon (4/15)
 Temple: D:4-7

Altars:
Sif Muna

Shops:
D:4 (!%


Innate Abilities, Weirdness & Mutations

You have extremely sharp teeth.
You heal very quickly.
When hurt, damage is shared between your health and your magic reserves.
Your bite disrupts and absorbs the magic of your enemies.
Potions and wands cannot restore your health.
You are immune to rotting.


Message History

The orc priest is severely wounded.
The orc priest calls upon Beogh to heal the orc.
The orc's wounds heal themselves!
The orc closely misses you.
You closely miss the orc priest.
The orc priest is severely wounded.
You block the orc priest's attack. The orc hits you but does no damage.
You hit the orc priest.
You bite the orc priest, but do no damage.
The orc priest is almost dead.
The orc priest invokes the aid of Beogh against you.
Pain shoots through your body!
* * * LOW HITPOINT WARNING * * *
The orc barely misses you.
You closely miss the orc priest.
The orc priest is almost dead.
The orc priest calls down the wrath of Beogh upon you.
Something smites you!
* * * LOW HITPOINT WARNING * * *
The orc hits you with a club.
You die...

#### #.. # #.# .#
###
#####.#####.###
..#
#.......o.....#.#
#.#
#.#.#.#..@o....#
#.#
#.#.#.#...#.#.#..
#.# #.#.#.....#.#
#.# #.#.........#
..# #........####
###
#####.#.......
#########
#.########
#.......# ##.##
##+##
#.#####.###.#.##
##...##


You could see an orc priest and an orc.

Vanquished Creatures
  An orc priest (D:2)
  4 hounds
  A worker ant (D:4)
  3 adders
  4 worms
  8 orcs
  6 goblins
  5 hobgoblins
  2 jackals (D:2)
  8 kobolds
  3 quokkas
  7 bats
  4 giant cockroaches
  3 giant geckos
  6 giant newts
  10 rats
75 creatures vanquished.

Notes
Turn   | Place    | Note
--------------------------------------------------------------
     0 | D:1      | Miyamura the Vine Stalker Monk began the quest for the Orb.
     0 | D:1      | Reached XP level 1. HP: 11/11 MP: 2/2
   166 | D:1      | Reached XP level 2. HP: 16/16 MP: 3/3
   718 | D:2      | Reached skill level 1 in Shields
   825 | D:2      | Found a faded altar to an unknown god.
   836 | D:2      | Reached XP level 3. HP: 19/19 MP: 4/4
   837 | D:2      | Became a worshipper of Sif Muna the Loreminder
   837 | D:2      | Reached * piety under Sif Muna
   837 | D:2      | Reached ** piety under Sif Muna
   882 | D:2      | You fall through a shaft for 2 floors!
   882 | D:4      | Found Nuetyupp's Weapon Shop.
   895 | D:4      | Reached skill level 1 in Spellcasting
   922 | D:4      | Found Uxaxa's Distillery.
   963 | D:4      | Reached XP level 4. HP: 22/24 MP: 6/6
  1162 | D:4      | Reached XP level 5. HP: 14/28 MP: 4/8
  1338 | D:4      | Bought a potion of haste for 110 gold pieces
  1379 | D:4      | Found Luho Yfacepn's Food Shop.
  2164 | D:2      | Gained mutation: You heal very quickly. [Vine Stalker growth]
  2164 | D:2      | Reached XP level 6. HP: 32/32 MP: 10/10
  2401 | D:3      | Reached *** piety under Sif Muna
  2606 | D:3      | HP: 1/32 [orc priest/divine providence (7)]
  2606 | D:3      | Slain by an orc

Action                   |  1- 3 |  4- 6 || total
-------------------------+-------+-------++-------
Melee: Unarmed           |    71 |   186 ||   257
  Use: Scroll            |     6 |     3 ||     9
 Stab: Sleeping          |     4 |     4 ||     8
       Distracted        |     1 |       ||     1
  Eat: Chunk             |       |     6 ||     6
